 Dungeon Crawl Stone Soup version 0.30-b1-2-g02819fbbbe (webtiles) character file.

Game seed: 16324354524897134831

43498 vatarom the Destroyer (level 13, 0/104 HPs)
             Began as a Green Draconian Conjurer on June 12, 2023.
             Was a High Priest of Vehumet.
             Killed from afar by a molten gargoyle (3 damage)
             ... with a bolt of magma
             ... while petrified by a basilisk
             ... on level 5 of the Lair of Beasts.
             The game lasted 00:49:50 (22984 turns).

vatarom the Destroyer (Green Draconian Conjurer)   Turns: 22984, Time: 00:49:50

Health: 0/104      AC: 18    Str: 13    XL:     13   Next: 91%
Magic:  33/36      EV:  2    Int: 20    God:    Vehumet [*****.]
Gold:   1090       SH:  0    Dex: 10    Spells: 1/33 levels left

rFire   . . .        M - +5 glaive of the Guard {elec, spectral, AC+5}
rCold   . . .        (shield currently unavailable)
rNeg    + + +        (body armour unavailable)
rPois   ∞            U - +0 hat {SInv}
rElec   .            b - +1 cloak
rCorr   .            (no gloves)
SInv    +            m - +2 pair of boots
Will    .....        h - amulet of reflection
Stlth   ++           x - ring of magical power
HPRegen 0.37/turn    v - +5 ring of evasion
MPRegen 0.25/turn

%: reflection
@: petrified, marked
A: breathe noxious fumes, AC +8, unfitting armour, poison resistance,
cold-blooded, noise suppression
a: Breathe Noxious Fumes, Renounce Religion


You were on level 5 of the Lair of Beasts.
You worshipped Vehumet.
Vehumet was extremely pleased with you.
You visited 3 branches of the dungeon, and saw 18 of its levels.
You also visited: Bailey.

You collected 1090 gold pieces.

Inventory:

Hand Weapons
 M - the +5 glaive of the Guard (weapon) {elec, spectral, AC+5}
   (You found it in a bailey)

   AC:        It affects your AC (+5).
Missiles
 w - 131 stones
 B - 2 throwing nets {!f}
Armour
 b - a +1 cloak (worn)
 m - a +2 pair of boots (worn)
 H - a scarf of repulsion
 U - a +0 hat of see invisible (worn)
Jewellery
 c - a ring of protection from cold
 f - a ring of protection from fire
 h - an amulet of reflection (around neck)
 j - an amulet of regeneration
 r - a ring of resist corrosion
 v - a +5 ring of evasion (right hand)
 x - a ring of magical power (left hand)
Wands
 d - a wand of digging (5) {@v1}
 g - a wand of flame (24)
 C - a wand of paralysis (11)
 E - a wand of roots (10)
 G - a wand of mindburst (18)
 P - a wand of acid (3) {@v2}
 T - a wand of polymorph (17)
Scrolls
 l - 5 scrolls of teleportation {@r3}
 p - 5 scrolls of immolation
 q - 2 scrolls of fog
 y - 5 scrolls of poison
 A - 2 scrolls of amnesia
 D - 4 scrolls of identify {@r1}
 J - 2 scrolls of magic mapping
 L - 2 scrolls of enchant armour
 O - a scroll of fear
 V - 2 scrolls of enchant weapon
 W - a scroll of brand weapon
 Y - a scroll of vulnerability
Potions
 a - a potion of magic
 e - 11 potions of curing {@q1}
 i - 2 potions of cancellation
 k - 2 potions of heal wounds {@q2}
 n - 5 potions of flight
 o - 7 potions of haste {@q3}
 s - 2 potions of might {@q4}
 t - 4 potions of degeneration {unknown}
 u - 13 potions of ambrosia
 z - a potion of invisibility
 F - 3 potions of berserk rage
 I - a potion of resistance {unknown}
 K - 4 potions of brilliance {@q6}
 R - 2 potions of attraction
Miscellaneous
 N - a box of beasts
 Z - a phantom mirror


   Skills:
 - Level 6.8 Fighting
 - Level 3.8 Short Blades
 + Level 6.9 Polearms
 - Level 2.1 Dodging
 - Level 2.2 Stealth
 + Level 10.6 Spellcasting
 + Level 13.7 Conjurations
 - Level 3.0 Hexes
 - Level 4.0 Translocations
 - Level 7.1 Fire Magic
 * Level 2.2 Air Magic
 - Level 8.5 Poison Magic
 + Level 7.7 Evocations


You had one spell level left.
You knew the following spells:

 Your Spells              Type           Power      Damage    Failure   Level
a - Magic Dart            Conj           100%       1d8       0%          1
b - Searing Ray           Conj           100%       2d8       1%          2
c - Dazzling Flash        Conj/Hex       88%        N/A       1%          3
d - Freezing Cloud        Conj/Ice/Air   15%        6-21      5%          5
e - Ignite Poison         Fire/Tmut/Pois 31%        N/A       1%          3
g - Passage of Golubria   Tloc           26%        N/A       12%         4
h - Mephitic Cloud        Conj/Pois/Air  43%        N/A       1%          3
q - Iskenderun's Mystic   Conj/Tloc      46%        2d10      1%          4
s - Iskenderun's Battles  Conj           60%        2d11      1%          5
z - Poisonous Vapours     Pois/Air       64%        N/A       1%          2

Your spell library contained the following spells:

 Spells                   Type           Power      Damage    Failure   Level
 Freeze                   Ice            40%        1d6       1%          1
 Hailstorm                Conj/Ice       38%        3d9       1%          3
 Fulminant Prism          Conj/Hex       22%        3d12      1%          4
 Sticky Flame             Conj/Fire      51%        2d7       1%          4
 Frozen Ramparts          Ice            20%        1d4       5%          3
 Tukima's Dance           Hex            22%        N/A       6%          3
 Sublimation of Blood     Necr           10%        N/A       10%         2
 Wereblood                Tmut           10%        N/A       10%         2
 Yara's Violent Unravell  Hex/Tmut       8%         3d5       24%         5
 Ignition                 Fire           19%        3d7       99%         8
 Malign Gateway           Summ/Tloc      9%         N/A       100%        7
 Summon Hydra             Summ           5%         N/A       100%        7
 Summon Horrible Things   Summ           5%         N/A       100%        8


Dungeon Overview and Level Annotations

Branches:
Dungeon (12/15)            Temple (1/1) D:7            Lair (5/5) D:8
  Swamp (0/4) Lair:2       Spider (0/4) Lair:3        Slime (0/5) Lair:4
 Bailey (visited)
    Orc: D:9-12

Altars:
Ashenzari
Cheibriados
Dithmenos
Elyvilon
Fedhas
Gozag
Hepliaklqana
Kikubaaqudgha
Makhleb
Nemelex Xobeh
Okawaru
Qazlal
Ru
Sif Muna
Trog
Uskayaw
Vehumet
Wu Jian
Xom
Yredelemnul
Zin
The Shining One
Jiyva

Shops:
D:1 :

Annotations:
D:6 2 transporters
Lair:2 3 runed translucent doors, rikstar's ghost, journeyman TrFi
Lair:4 1 runed translucent door
Lair:5 2 runed translucent doors


Innate Abilities, Weirdness & Mutations

You can breathe blasts of noxious fumes.
Your lurid green scales are hard. (AC +8)
You cannot fit into any form of body armour.
Your system is resistant to poisons. (rPois)
You are cold-blooded and may be slowed by cold attacks.
You passively dampen the noise of your surroundings.


Message History

You are engulfed in flames!
Your +5 glaive of the Guard {elec, spectral, AC+5} disappears.
The hell hound closely misses you.
The molten gargoyle hits you with a +0 mace.
You are engulfed in flames!
Your limbs are stiffening.
The hell hound attacks as you move away!
The hell hound misses you. The hell hound barely misses you.
You have turned to stone.
The hell hound bites you but does no damage.
The molten gargoyle hits you with a +0 mace!
You are engulfed in flames!
The hell hound bites you but does no damage.
The molten gargoyle blasts magma at you!
The bolt of magma hits the hell hound!
The hell hound partially resists.
The bolt of magma hits you!
The molten gargoyle hits you with a +0 mace!
* * * LOW HITPOINT WARNING * * *
You are engulfed in flames!
* * * LOW HITPOINT WARNING * * *
The hell hound bites you but does no damage.
The hell hound bites you.
* * * LOW HITPOINT WARNING * * *
The hell hound bites you but does no damage.
The molten gargoyle blasts magma at you!
The bolt of magma hits the hell hound!
The hell hound partially resists.
The bolt of magma hits you but does no damage.
The molten gargoyle hits you but does no damage.
The hell hound bites you but does no damage.
The hell hound bites you!
* * * LOW HITPOINT WARNING * * *
The hell hound breathes flames at you.
The blast of flame hits the molten gargoyle.
The molten gargoyle completely resists.
The blast of flame hits you!
* * * LOW HITPOINT WARNING * * *
The hell hound breathes flames at you. The blast of flame hits you!
* * * LOW HITPOINT WARNING * * *
The molten gargoyle blasts magma at you!
The bolt of magma hits you!
You die...

....### # #§
.....#8#8 ≈≈≈
........## #≈≈
........8##≈≈#
#.......≈≈##
.h#...h.#≈≈≈≈#
#§.☼☼9l#≈≈≈≈#
.§§...#hhh##§##
≈§≈§###≈9@†#≈≈##
§..≈≈§≈≈≈##..≈≈## .
#####≈≈#...§§8# #..
##≈§.§.§≈## ..
#≈≈§§..§§## #...
.+..D. #§§≈...≈≈8#
#... ..
+.....$#≈≈≈....≈##
#... ≈≈≈ ....$
#≈≈§....≈.# ##.P.
≈§##...$##§§....§§##
###....


You could see a basilisk, 2 molten gargoyles and 4 hell hounds.

Vanquished Creatures
  4 hydras
  Amaemon (Lair:1)
  A skeletal warrior (D:11)
  3 orc knights
  An ugly thing (D:7)
  A deep elf pyromancer (D:7)
  An orc sorcerer (D:11)
  A cyclops (D:7)
  16 elephants
  7 black mambas
  Joseph (Lair:1)
  A gargoyle (D:7)
  Maggie (D:6)
  3 cane toads
  An orange demon (Lair:1)
  2 rime drakes
  11 komodo dragons
  A kobold demonologist (D:7)
  A queen bee (Lair:2)
  2 trolls
  A polar bear (Lair:5)
  2 hornets
  Grinder (D:3)
  10 blink frogs
  5 dream sheep (Lair:5)
  3 shadows
  8 wyverns
  2 culicivoras (Lair:3)
  2 wraiths (D:10)
  27 yaks
  2 basilisks
  A steam dragon (D:7)
  A redback (Lair:3)
  11 vampire mosquitoes
  Edmund (D:6)
  2 acid dragons
  Duvessa (D:4)
  7 water moccasins
  3 ice beasts
  A sky beast (D:7)
  21 orc warriors
  7 black bears
  3 ogres
  4 wolves (Lair:4)
  9 centaurs
  A phantom (D:7)
  2 kobold brigands
  14 bullfrogs
  A gnoll sergeant (D:11)
  3 scorpions
  5 wights (D:10)
  Dowan (D:4)
  29 killer bees
  10 howler monkeys
  8 electric eels
  4 lava snakes (Lair:5)
  2 gnoll boudas
  6 hounds
  A sleepcap (D:7)
  9 orc priests
  3 jellies
  Ijyb (D:3)
  5 iguanas
  15 orc wizards
  13 gnolls
  4 adders
  3 shadow imps
  6 white imps
  2 ufetubi (D:5)
  3 worms
  3 dart slugs
  47 orcs
  11 ball pythons
  6 bats
  11 endoplasms
  3 giant cockroaches
  4 goblins
  12 hobgoblins
  7 jackals
  11 kobolds
  5 quokkas
  4 frilled lizards
  8 rats
478 creatures vanquished.

Vanquished Creatures (collateral kills)
  Gastronok (Lair:1)
1 creature vanquished.

Vanquished Creatures (others)
  A wizard (D:7)
  A human (D:6)
  17 fulminant prisms
  10 fungi
  50 plants
  3 spectral weapons
  15 toadstools (D:12)
97 creatures vanquished.

Grand Total: 576 creatures vanquished

Notes
Turn   | Place    | Note
-------+----------+-------------------------------------------
     0 | D:1      | vatarom the Draconian Conjurer began the quest for the Orb.
     0 | D:1      | Reached XP level 1. HP: 14/14 MP: 3/3
   102 | D:1      | Found Ufigywu's Book Shop.
   279 | D:1      | Reached XP level 2. HP: 22/22 MP: 1/5
   525 | D:1      | Reached skill level 1 in Fighting
   610 | D:1      | Reached XP level 3. HP: 24/28 MP: 0/6
   670 | D:1      | Gained mutation: You expend magic power (3 MP) to
                  | strengthen your wands. [potion of mutation]
   670 | D:1      | Gained mutation: You are weak. (Str -2) [potion of
                  | mutation]
  1611 | D:2      | Learned a level 2 spell: Searing Ray
  1621 | D:2      | Learned a level 3 spell: Dazzling Flash
  2627 | D:3      | Reached XP level 4. HP: 35/35 MP: 7/7
  2741 | D:3      | Noticed Grinder
  2887 | D:3      | Found a stormy altar of Qazlal.
  2893 | D:3      | Noticed Ijyb
  2927 | D:3      | Killed Ijyb
  3029 | D:3      | Paralysed by Grinder for 4 turns
  3042 | D:3      | Paralysed by Grinder for 2 turns
  3050 | D:3      | Killed Grinder
  3051 | D:3      | Reached skill level 5 in Conjurations
  3051 | D:3      | Reached skill level 1 in Hexes
  3051 | D:3      | Reached XP level 5. HP: 25/42 MP: 4/10
  3051 | D:3      | Reached XP level 6. HP: 29/50 MP: 4/11
  3203 | D:3      | Learned a level 4 spell: Fulminant Prism
  3232 | D:3      | Found a faded altar of an unknown god.
  3473 | D:3      | Found a broken altar of Ashenzari.
  4075 | D:4      | Reached skill level 6 in Conjurations
  4080 | D:4      | Noticed Dowan
  4254 | D:4      | Found a snail-covered altar of Cheibriados.
  4417 | D:4      | Your scales start taking on a lurid green colour.
  4417 | D:4      | Reached XP level 7. HP: 57/57 MP: 10/12
  4417 | D:4      | Gained mutation: Your system is resistant to poisons.
                  | (rPois) [Green Draconian growth]
  4456 | D:4      | Noticed Duvessa
  4596 | D:4      | Killed Dowan
  4597 | D:4      | Killed Duvessa
  5002 | D:5      | Entered Level 5 of the Dungeon
  5007 | D:5      | Reached skill level 7 in Conjurations
  5079 | D:4      | Reached XP level 8. HP: 46/63 MP: 6/14
  5287 | D:5      | Reached skill level 8 in Conjurations
  5292 | D:5      | Learned a level 4 spell: Iskenderun's Mystic Blast
  5379 | D:5      | Found a glowing golden altar of the Shining One.
  5515 | D:5      | Reached skill level 5 in Spellcasting
  5607 | D:5      | Found a shadowy altar of Dithmenos.
  5829 | D:5      | Reached skill level 1 in Translocations
  5949 | D:6      | Found an ancient bone altar of Kikubaaqudgha.
  6380 | D:6      | Noticed Edmund
  6407 | D:6      | Killed Edmund
  6408 | D:6      | Reached skill level 9 in Conjurations
  6540 | D:6      | Found a transporter.
  6560 | D:6      | Found a transporter.
  6770 | D:6      | Noticed Maggie
  6788 | D:6      | Killed Maggie
  6789 | D:6      | Reached XP level 9. HP: 69/69 MP: 15/17
  7454 | D:7      | Reached skill level 10 in Conjurations
  7639 | D:7      | Reached skill level 1 in Evocations
  7803 | D:7      | Noticed a wizard
  7824 | D:7      | Killed a wizard
  7825 | D:7      | Reached skill level 1 in Short Blades
  8471 | D:7      | Reached XP level 10. HP: 75/78 MP: 18/20
  8585 | D:7      | Noticed a sixfirhy
  8618 | D:7      | Noticed a deep elf pyromancer
  8626 | D:7      | Killed a deep elf pyromancer
  8645 | D:7      | Reached skill level 5 in Fighting
  8664 | D:7      | Reached skill level 11 in Conjurations
  9050 | D:7      | Noticed a cyan ugly thing
  9066 | D:7      | Killed a cyan ugly thing
  9245 | D:7      | Noticed a cyclops
  9321 | D:7      | Noticed a gargoyle
  9337 | D:7      | Killed a gargoyle
  9595 | D:7      | Found a staircase to the Ecumenical Temple.
  9605 | Temple   | Entered the Ecumenical Temple
  9635 | Temple   | Became a worshipper of Vehumet
 10456 | D:7      | Killed a cyclops
 10844 | D:8      | Identified the +0 scale mail "Wotrot" {Drain rF+++ Int+6}
 10901 | D:8      | Lost mutation: You expend magic power (3 MP) to strengthen
                  | your wands. [potion of mutation]
 10901 | D:8      | Lost mutation: You are weak. (Str -2) [potion of mutation]
 10901 | D:8      | Gained mutation: You are vulnerable to heat. (rF-) [potion
                  | of mutation]
 11021 | D:8      | Found a staircase to the Lair.
 11202 | D:8      | Reached XP level 11. HP: 63/91 MP: 21/23
 12329 | D:9      | Found a flagged portal.
 12338 | Bailey   | Entered a bailey
 12407 | Bailey   | Reached * piety under Vehumet
 12407 | Bailey   | Offered knowledge of Shock by Vehumet.
 12623 | Bailey   | Reached skill level 12 in Conjurations
 13201 | Bailey   | Found the +5 glaive of the Guard {elec, spectral, AC+5}
 13201 | Bailey   | Noticed an orc knight
 13201 | Bailey   | Noticed an orc knight
 13233 | Bailey   | Killed an orc knight
 13419 | Bailey   | Killed an orc knight
 13552 | D:9      | Learned a level 3 spell: Ignite Poison
 13557 | D:9      | Learned a level 4 spell: Sticky Flame
 13938 | D:10     | Entered Level 10 of the Dungeon
 13979 | D:10     | Identified the +6 hand axe "Hellblazer" {venom, Str+3}
 14095 | D:10     | Reached skill level 1 in Polearms
 14104 | D:10     | Offered knowledge of Poisonous Vapours by Vehumet.
 14140 | D:10     | Learned a level 4 spell: Passage of Golubria
 14189 | D:10     | Reached ** piety under Vehumet
 14798 | D:10     | Found a burning altar of Makhleb.
 14970 | D:11     | Learned a level 2 spell: Poisonous Vapours
 15118 | D:11     | Noticed an orc knight
 15122 | D:11     | Noticed an orc sorcerer
 15131 | D:11     | Killed an orc sorcerer
 15140 | D:11     | Killed an orc knight
 15141 | D:11     | Reached skill level 5 in Evocations
 15424 | D:11     | Reached XP level 12. HP: 97/97 MP: 12/25
 15547 | D:11     | Offered knowledge of Mephitic Cloud by Vehumet.
 15558 | D:11     | Learned a level 3 spell: Mephitic Cloud
 15699 | D:11     | Reached skill level 1 in Fire Magic
 15811 | D:11     | Reached skill level 1 in Poison Magic
 15815 | D:11     | Reached *** piety under Vehumet
 16612 | Lair:1   | Entered Level 1 of the Lair of Beasts
 16635 | Lair:1   | Noticed Joseph
 16640 | Lair:1   | Killed Joseph
 16766 | Lair:1   | Noticed Gastronok
 16790 | Lair:1   | Killed Gastronok
 17013 | Lair:1   | Offered knowledge of Airstrike by Vehumet.
 17327 | Lair:1   | Reached skill level 13 in Conjurations
 17372 | Lair:1   | Noticed Amaemon
 17386 | Lair:1   | Killed Amaemon
 17388 | Lair:1   | Reached skill level 5 in Polearms
 18424 | Lair:2   | Reached skill level 5 in Poison Magic
 18461 | Lair:2   | Found a staircase to the Swamp.
 18469 | Lair:2   | Reached skill level 10 in Spellcasting
 18609 | Lair:2   | Reached **** piety under Vehumet
 18621 | Lair:2   | Found a runed translucent gate.
 18621 | Lair:2   | Found a runed translucent gate.
 18621 | Lair:2   | Found a runed translucent gate.
 18622 | Lair:2   | Noticed rikstar's ghost (journeyman TrFi)
 18624 | Lair:2   | Noticed a seven-headed hydra
 18674 | Lair:2   | Offered knowledge of Iskenderun's Battlesphere by Vehumet.
 18789 | Lair:2   | Learned a level 5 spell: Iskenderun's Battlesphere
 19463 | Lair:3   | Reached skill level 5 in Fire Magic
 19547 | Lair:3   | Found a hole to the Spider Nest.
 19578 | Lair:3   | Noticed a four-headed hydra
 19587 | Lair:3   | Killed a four-headed hydra
 19588 | Lair:3   | Reached XP level 13. HP: 91/104 MP: 8/27
 20941 | Lair:3   | Lost mutation: You are vulnerable to heat. (rF-) [potion of
                  | mutation]
 20941 | Lair:3   | Gained mutation: You passively dampen the noise of your
                  | surroundings. [potion of mutation]
 20958 | Lair:4   | Reached ***** piety under Vehumet
 21172 | Lair:4   | Offered knowledge of Freezing Cloud by Vehumet.
 21181 | Lair:4   | Learned a level 5 spell: Freezing Cloud
 21892 | Lair:4   | Found a runed translucent door.
 21892 | Lair:4   | Found a viscous altar of Jiyva.
 22131 | Lair:4   | Found a staircase to the Slime Pits.
 22199 | Lair:5   | Entered Level 5 of the Lair of Beasts
 22693 | Lair:5   | Reached skill level 1 in Air Magic
 22882 | Lair:5   | Found a large runed translucent door.
 22884 | Lair:5   | Found a large runed translucent door.
 22884 | Lair:5   | Noticed a fire dragon
 22984 | Lair:5   | HP: 3/104 [hell hound/blast of flame (8)]
 22984 | Lair:5   | Killed from afar by a molten gargoyle

Illustrated notes

Levels and vault maps discovered:
D:1:      dpeg_chamrin_arrival_tetris, layout_basic, serial_shops, shop,
          minmay_misc_feat_chi, hangedman_feature_mirror
D:2:      layout_loops_corners
D:3:      layout_basic, grunt_qazlal_sundering, overflow_temple_1_default,
          ebering_ecumenical_altar_box, uniq_ijyb, uniq_grinder
D:4:      layout_cave_pools, amcnicky_altar_gilded, uniq_duvessa
D:5:      layout_cave_pools, mainiacjoe_overflow_tiny_flanked,
          nicolae_dithmenos_shadow_blocks
D:6:      gammafunk_steamed_eel, layout_loops_cross, tgw_kikubaaqudgha,
          grunt_ministairs_12, uniq_maggie, uniq_edmund
D:7:      nzn_winding_woodlands_large [nzn_winding_woodlands_5x5_three,
          nzn_winding_woodlands_5x15_zeroes,
          nzn_winding_woodlands_5x5_checkerboard,
          nzn_winding_woodlands_center_triple_pond,
          nzn_winding_woodlands_15x15_killbox,
          nzn_winding_woodlands_center_lodge, nzn_winding_woodlands_5x5_cross,
          nzn_winding_woodlands_5x15_crooked, nzn_winding_woodlands_hourglass],
          layout_rooms, lemuel_temple_firewalk_b, serial_co_window_serial,
          co_window_of_opportunity_a, co_window_of_opportunity_a,
          co_window_of_opportunity_a, co_window_of_opportunity_a,
          co_window_paths_b, co_window_corner_a, co_window_corner_a,
          co_window_of_opportunity_a, co_window_of_opportunity_a,
          co_window_of_opportunity_b, co_window_of_opportunity_c,
          co_window_2corner, co_window_of_opportunity_b, co_window_corner_ca,
          co_window_cross_2, glass_columns_c, glass_columns_a, glass_columns_a,
          hellmonk_no_cap
D:8:      layout_loops_cross, lair_entry_dummy, serial_bayou,
          serial_bayou_lake_a, serial_bayou_pond_b, serial_bayou_shore_b,
          serial_bayou_crossing
D:9:      layout_loops_cross, enter_bailey_2, corexii_hall_statues_l
D:10:     layout_cave_pods, kennysheep_mini_moat
D:11:     layout_grid_maze, minmay_misc_feat_columns
D:12:     layout_long_grid, minmay_orc_entry_guard_dogs, serial_shops, shop,
          tgw_fedhas
Temple:   regret_index_temple_waves
Lair:1:   layout_layer_cave, beast_lair_carwin_7, uniq_joseph, uniq_gastronok,
          uniq_amaemon
Lair:2:   layout_roguey [special_room_bee], minmay_swamp_entry_swarm,
          gammafunk_ghost_split
Lair:3:   layout_roguey, spider_nest_entry_funnel_web, wad_woods_river_01,
          serial_bayou_shore_b
Lair:4:   layout_layer_cave, slime_entry_2, serial_rivers,
          chequers_serial_rivers_marsh, chequers_serial_rivers_micro_e,
          chequers_serial_rivers_small_3, chequers_serial_rivers_small_3,
          chequers_serial_rivers_micro_a, eino_small_chamber_without_monster,
          chequers_serial_rivers_micro_d
Lair:5:   cheibrodos_lair_end_hotspot, layout_concentric_octagons,
          nicolae_lair_time_for_slime

Skill      XL: |  1  2  3  4  5  6  7  8  9 10 11 12 13 |
---------------+----------------------------------------+-----
Stealth        | 2 |  2.2
Dodging        | 2 |  2.1
Fighting       | 1 2 3 6 |  6.8
Spellcasting   | 3 4 5 6 8 9 10 | 10.6
Conjurations   | 5 6 7 9 10 11 12 13 | 13.7
Hexes          | 1 2 3 |  3.0
Translocations | 3 4 |  4.0
Evocations     | 3 5 6 7 |  7.7
Short Blades   | 2 3 |  3.8
Polearms       | 4 5 6 |  6.9
Fire Magic     | 5 7 |  7.1
Poison Magic   | 6 8 |  8.5
Air Magic      | 2 |  2.2

Action                     |  1- 3 |  4- 6 |  7- 9 | 10-12 | 13-15 || total
---------------------------+-------+-------+-------+-------+-------++-------
  Melee: Hand axe          |    39 |       |       |       |       ||    39
         Tailslap          |     3 |     3 |    18 |    32 |     8 ||    64
         Whip              |       |    36 |       |       |       ||    36
         Punch             |       |     1 |     1 |     4 |       ||     6
         Unarmed           |       |    17 |    19 |       |       ||    36
         Rapier            |       |       |    98 |   139 |       ||   237
         Glaive            |       |       |       |   181 |    50 ||   231
   Cast: Magic Dart        |    78 |    85 |   213 |   278 |    92 ||   746
         Searing Ray       |     3 |    10 |    17 |    29 |       ||    59
         Dazzling Flash    |       |     4 |     8 |     8 |     1 ||    21
         Fulminant Prism   |       |       |     6 |    11 |       ||    17
         Iskenderun's Myst |       |       |    14 |    34 |    18 ||    66
         Poisonous Vapours |       |       |       |    84 |    27 ||   111
         Ignite Poison     |       |       |       |    45 |    19 ||    64
         Passage of Golubr |       |       |       |     1 |       ||     1
         Mephitic Cloud    |       |       |       |     8 |     4 ||    12
         Iskenderun's Batt |       |       |       |     3 |    19 ||    22
         Freezing Cloud    |       |       |       |       |    19 ||    19
Ability: Breathe Noxious F |       |       |     8 |    20 |       ||    28
  Evoke: Wand              |       |       |     1 |    19 |       ||    20
         Box of beasts     |       |       |       |     1 |       ||     1
    Use: Scroll            |     6 |     4 |     3 |     7 |     4 ||    24
         Potion            |     4 |     1 |       |     2 |     1 ||     8
   Stab: Invisible         |       |     2 |     2 |     2 |       ||     6
         Paralysed         |       |       |     7 |       |       ||     7
         Sleeping          |       |       |     1 |       |       ||     1
         Distracted        |       |       |       |     1 |       ||     1
         Confused          |       |       |       |     1 |       ||     1
 Armour: Skin              |     8 |    20 |    52 |   171 |    44 ||   295
  Dodge: Dodged            |    35 |    79 |   115 |   416 |    39 ||   684
  Block: Other             |     1 |    25 |    40 |   127 |    17 ||   210
         Reflection        |       |     1 |       |    19 |       ||    20
